 Dungeon Crawl Stone Soup version 0.27.0-1-g7a089689b8 (webtiles) character file.

Game seed: 8873944845429383993

57843 ketsa the Severer (level 14, -2/116 (117) HPs)
             Began as a Palentonga Berserker on Aug 6, 2021.
             Was a High Priest of Trog.
             Slain by a soul eater (18 damage)
             ... summoned by an orc sorcerer
             ... while paralysed by an orc sorcerer
             ... on level 1 of the Orcish Mines.
             The game lasted 02:06:48 (21502 turns).

ketsa the Severer (Palentonga Berserker)           Turns: 21502, Time: 02:06:51

HP:   -2/116 (117)  AC: 13    Str: 20    XL:     14   Next: 47%
MP:   14/14         EV:  1    Int:  8    God:    Trog [*****.]
Gold: 1143          SH:  0    Dex: 15    Spells: 13/13 levels left

rFire    . . .     SeeInvis +   v - +4 war axe (freeze)
rCold    + . .     Faith    .   L - +0 buckler
rNeg     . . .     Spirit   .   p - +0 plate armour
rPois    +         Reflect  .   M - +0 helmet
rElec    .         Harm     .   Z - +0 cloak {rPois}
rCorr    .         Rampage  .   u - +0 pair of gloves
Will     +....                  e - +3 barding {rC+}
Stlth    ..........             t - amulet of regeneration
HPRegen  1.29/turn              i - ring of poison resistance
MPRegen  0.14/turn              O - ring of flight

@: paralysed, corroded, flying, lightly drained, curled up
A: large, rugged brown scales 3, see invisible, deformed body, roll 1, armoured
tail, reflexive curl
a: Rolling Charge, Renounce Religion, Berserk, Trog's Hand, Brothers in Arms


You were on level 1 of the Orcish Mines.
You worshipped Trog.
Trog was extremely pleased with you.
You visited 6 branches of the dungeon, and saw 21 of its levels.

You collected 1143 gold pieces.

Inventory:

Hand Weapons
 v - a +4 war axe of freezing (weapon)
 R - the +7 dagger of Hiliuc {vorpal, +Blink rCorr Stlth+}
   (You found it on level 6 of the Dungeon)

   It inflicts extra damage upon your enemies.
   +Blink:    It lets you blink.
   rCorr:     It protects you from acid and corrosion.
   Stlth:     It makes you more stealthy.
 Y - a +5 mace
Missiles
 g - 23 poisoned darts
 o - 3 throwing nets
 E - 17 boomerangs
 K - 7 datura-tipped darts
 N - 5 curare-tipped darts
Armour
 e - a +3 barding of cold resistance (worn)
 p - a +0 plate armour (worn)
 u - a +0 pair of gloves (worn)
 J - a +4 scale mail of cold resistance
 L - a +0 buckler (worn)
 M - a +0 helmet (worn)
 Z - a +0 cloak of poison resistance (worn)
Jewellery
 i - a ring of poison resistance (left hand)
 s - an amulet of the acrobat
 t - an amulet of regeneration (around neck)
 G - a ring of fire
 I - a ring of protection from cold
 O - a ring of flight (right hand)
 Q - a ring of positive energy
 U - the ring "Qeazifute" {Wiz *Slow rElec Int+5 SInv}
   (You took it off a centaur on level 6 of the Dungeon)

   [ring of wizardry]

   It improves your spell success rate.
   Int:       It affects your intelligence (+5).
   rElec:     It insulates you from electricity.
   SInv:      It lets you see invisible.
   *Slow:     It may slow you when you take damage.
 W - an amulet of reflection
 X - an amulet of guardian spirit
Wands
 a - a wand of mindburst (11)
 b - a wand of flame (103)
 w - a wand of polymorph (28)
 H - a wand of acid (5)
 P - a wand of digging (14)
 S - a wand of paralysis (18)
 T - a wand of iceblast (26)
Scrolls
 c - 2 scrolls of identify
 f - 3 scrolls of immolation
 l - a scroll of fog
 n - 5 scrolls of enchant armour
 r - 2 scrolls of teleportation
 y - 4 scrolls of summoning
 B - a scroll of blinking
 D - a scroll of holy word
 F - 4 scrolls of silence
Potions
 d - a potion of invisibility
 h - 8 potions of curing
 j - a potion of resistance
 k - 2 potions of haste
 q - 6 potions of flight
 x - 2 potions of attraction
 z - 3 potions of heal wounds
 A - 2 potions of ambrosia
 C - 3 potions of might
 V - 2 potions of mutation
Miscellaneous
 m - a condenser vane


   Skills:
 - Level 10.0 Fighting
 + Level 16.1 Axes
 + Level 10.4 Armour
 + Level 8.2 Dodging
 - Level 2.6 Shields
 - Level 7.0 Evocations


You had 13 spell levels left.
You didn't know any spells.
Your spell library contained the following spells:

 Spells                   Type           Power      Damage    Failure   Level
 Freeze                   Ice            0%         1d3       100%        1
 Sublimation of Blood     Necr           0%         N/A       100%        2
 Dazzling Flash           Conj/Hex       0%         N/A       100%        3
 Frozen Ramparts          Ice            0%         1d2       100%        3
 Inner Flame              Hex/Fire       0%         N/A       100%        3
 Cause Fear               Hex            0%         N/A       100%        4
 Hailstorm                Conj/Ice       0%         3d3       100%        4
 Iskenderun's Mystic Bla  Conj/Tloc      0%         2d3       100%        4
 Petrify                  Tmut/Erth      0%         N/A       100%        4
 Agony                    Necr           0%         N/A       100%        5
 Irradiate                Conj/Tmut      0%         3d13      100%        5
 Silence                  Hex/Air        0%         N/A       100%        5
 Summon Forest            Summ/Tloc      0%         N/A       100%        5
 Summon Mana Viper        Hex/Summ       0%         N/A       100%        5
 Shadow Creatures         Summ           N/A        N/A       100%        6
 Starburst                Conj/Fire      0%         8x6d3     100%        6
 Discord                  Hex            0%         N/A       100%        8


Dungeon Overview and Level Annotations

Branches:
Dungeon (11/15)            Temple (1/1) D:4            Lair (6/6) D:8
 Shoals (0/4) Lair:4        Snake (1/4) Lair:3        Slime (1/5) Lair:5
    Orc (1/2) D:10

Altars:
Ashenzari
Cheibriados
Dithmenos
Elyvilon
Fedhas
Gozag
Hepliaklqana
Kikubaaqudgha
Makhleb
Nemelex Xobeh
Okawaru
Qazlal
Ru
Sif Muna
Trog
Uskayaw
Vehumet
Wu Jian
Xom
Yredelemnul
Zin
The Shining One

Annotations:
D:6 exclusion: downstairs
D:7 exclusion: downstairs
D:11 1 transporter
Lair:1 exclusion: oklob plant
Lair:2 3 runed translucent doors, coffeespoons's ghost, journeyman TrBe
Lair:5 exclusion: downstairs
Orc:1 Snorg


Innate Abilities, Weirdness & Mutations

You are completely covered in rugged brown scales. (AC +3, +7% HP)
You have supernaturally acute eyesight. (SInv)
Armour fits poorly on your strangely shaped body.
You can roll at nearby foes to attack.
You have a long armoured tail.
You curl defensively after being hit.


Message History

Items here: )))) [ †.
There is a staircase to the Orcish Mines here.
You fly downwards.
Welcome back to the Orcish Mines!
Level annotation: Snorg The rust devil hits you.
The rust devil corrodes you!
The soul eater draws from the surrounding life force!
The orc wizard gestures wildly while chanting.
The orc wizard flickers and vanishes for a moment.
There is a staircase back to the Dungeon, spattered with blood here.
You block the rust devil's attack.
Snorg goes berserk!
The orc sorcerer gestures at you while chanting.
You suddenly lose the ability to move!
The rust devil hits you. The rust devil corrodes you!
The orc wizard hits you but does no damage.
The rust devil hits you. The rust devil corrodes you!
The orc sorcerer gestures at you while chanting.
The bolt of fire hits the orc wizard!!
The orc wizard dies!
The bolt of fire hits you!!
The orc wizard casts a spell.
The orc wizard flickers and vanishes for a moment.
The orc sorcerer gestures wildly while chanting.
The soul eater hits you.
You feel drained. Snorg bites you! Snorg claws you but does no damage. x2
The rust devil hits you. The rust devil corrodes you!
The orc wizard points at you and mumbles some strange words.
You resist with almost no effort. The soul eater hits you! Snorg bites you!
Snorg claws you! Snorg claws you but does no damage. The rust devil hits you.
* * * LOW HITPOINT WARNING * * *
The rust devil corrodes you!
The soul eater draws from the surrounding life force!
* * * LOW HITPOINT WARNING * * *
The orc sorcerer gestures wildly while chanting.
Snorg bites you but does no damage. Snorg claws you.
* * * LOW HITPOINT WARNING * * *
Snorg claws you.
* * * LOW HITPOINT WARNING * * *
The soul eater hits you!!
You die...

....##... .
....#....#. ..
#..$....... ...
##$.....#.. #.#.
......#..
.#...##......# .
............##...
........[3o...#..
....#...@To......
........)4[......
......3.o........
..............$..
.....o...........
...4.............
...4...>.........
................


You could see Snorg (berserk), 2 soul eaters, an orange demon (summoned), a
hellwing (summoned), a rust devil (summoned), 2 orc sorcerers and 2 orc wizards.

Vanquished Creatures
  Gastronok (D:8)
  Harold (D:8)
  2 boulder beetles
  A merfolk avatar (Lair:6)
  11 hydras
  2 two-headed ogres
  12 death yaks (Lair:6)
  A sea snake (Lair:6)
  A lindwurm (Lair:5)
  Pikel (D:4)
  A harpy (Lair:6)
  A manticore (Lair:6)
  3 black mambas
  7 elephants
  3 centaur zombies
  8 cane toads
  Joseph (D:8)
  An unseen horror (D:10)
  Maggie (D:8)
  Psyche (D:9)
  4 rime drakes
  9 komodo dragons
  2 polar bears
  4 trolls
  Grinder (D:5)
  2 hornets
  A wind drake (Lair:6)
  21 blink frogs
  A slime creature (Lair:5)
  A snapping turtle (Lair:6)
  5 dream sheep (Lair:5)
  2 shadows (D:10)
  10 wyverns
  3 fire bats (Lair:4)
  39 yaks
  4 steam dragons
  4 basilisks
  Menkaure (D:4)
  6 nagas (Lair:3)
  7 water moccasins
  Duvessa (D:6)
  10 orc warriors
  An ice beast (D:3)
  3 black bears
  2 sky beasts
  5 ogres
  3 necrophages
  12 wolves
  3 centaurs
  2 phantoms
  3 scorpions
  8 bullfrogs
  2 gnoll sergeants
  A wyvern zombie (D:5)
  A water moccasin skeleton (D:4)
  Dowan (D:6)
  9 killer bees
  12 wights
  3 electric eels
  4 howler monkeys
  6 orc priests
  2 hounds
  A bullfrog skeleton (D:5)
  2 gnoll shamans
  4 jellies
  Crazy Yiuf (D:2)
  Terence (D:2)
  4 iguanas
  19 orc wizards
  2 hound skeletons
  3 howler monkey zombies
  Robin (D:2)
  3 adders
  28 gnolls
  An adder skeleton (D:4)
  A worm (D:3)
  2 dart slugs
  50 orcs
  4 bats
  5 endoplasms
  14 goblins
  9 hobgoblins
  2 jackals (D:5)
  3 quokkas
  3 ball pythons
  4 frilled lizards
  7 kobolds
  3 rats
  2 bushes (D:4)
460 creatures vanquished.

Vanquished Creatures (collateral kills)
  2 trolls
  A killer bee (D:9)
  A centaur zombie (D:9)
4 creatures vanquished.

Vanquished Creatures (others)
  An orc wizard (Orc:1)
  An adder (D:6)
  43 fungi
  74 plants
119 creatures vanquished.

Grand Total: 583 creatures vanquished

Notes
Turn   | Place    | Note
-------+----------+-------------------------------------------
     0 | D:1      | ketsa the Palentonga Berserker began the quest for the Orb.
     0 | D:1      | Reached XP level 1. HP: 19/19 MP: 1/1
   377 | D:1      | Reached XP level 2. HP: 14/25 MP: 2/2
   998 | D:1      | Reached skill level 4 in Axes
  1095 | D:1      | Found a faded altar of an unknown god.
  1525 | D:2      | Found an ornate altar of the Wu Jian Council.
  1632 | D:2      | Noticed Terence
  1640 | D:2      | Killed Terence
  1641 | D:2      | Reached XP level 3. HP: 25/31 MP: 3/3
  2081 | D:2      | Noticed Robin
  2100 | D:2      | Reached XP level 4. HP: 36/37 MP: 4/4
  2110 | D:2      | Reached skill level 5 in Axes
  2115 | D:2      | Reached ** piety under Trog
  2125 | D:2      | Killed Robin
  2270 | D:2      | Found a runed translucent door.
  2271 | D:2      | Noticed Crazy Yiuf
  2719 | D:3      | Noticed a phantom
  2801 | D:3      | Noticed an ice beast
  3111 | D:3      | Reached XP level 5. HP: 42/43 MP: 5/5
  3438 | D:3      | Killed an ice beast
  3439 | D:3      | Reached skill level 6 in Axes
  3439 | D:3      | Reached XP level 6. HP: 50/50 MP: 6/6
  3490 | D:3      | Found a shimmering blue altar of Sif Muna.
  3490 | D:3      | Found an ornate altar of the Wu Jian Council.
  4139 | D:5      | Entered Level 5 of the Dungeon
  4487 | D:4      | Reached skill level 7 in Axes
  4504 | D:4      | Found a staircase to the Ecumenical Temple.
  4517 | Temple   | Entered the Ecumenical Temple
  4652 | D:4      | Gained mutation: You curl defensively after being hit.
                  | [Palentonga growth]
  4652 | D:4      | Reached XP level 7. HP: 35/55 MP: 7/7
  4701 | D:4      | Noticed Menkaure
  4808 | D:4      | Found a sacrificial altar of Ru.
  5209 | D:4      | Noticed Pikel
  5225 | D:4      | Killed Pikel
  5226 | D:4      | Reached skill level 8 in Axes
  5226 | D:4      | Reached XP level 8. HP: 62/62 MP: 8/8
  5380 | D:4      | Found a sparkling altar of Nemelex Xobeh.
  5598 | D:4      | Reached skill level 9 in Axes
  5867 | D:4      | Killed Menkaure
  5867 | D:4      | Reached *** piety under Trog
  6099 | D:5      | Reached skill level 5 in Armour
  6537 | D:5      | Noticed Grinder
  6558 | D:4      | Reached skill level 10 in Axes
  6966 | D:5      | Killed Grinder
  6967 | D:5      | Reached XP level 9. HP: 67/67 MP: 9/9
  7193 | D:5      | Found a basalt altar of Yredelemnul.
  7969 | D:6      | Reached skill level 11 in Axes
  8350 | D:6      | Found a radiant altar of Vehumet.
  8352 | D:6      | Identified the +7 dagger of Hiliuc {vorpal, +Blink rCorr
                  | Stlth+}
  8442 | D:6      | Identified the ring "Qeazifute" {Wiz *Slow rElec Int+5
                  | SInv}
  8477 | D:6      | Noticed Duvessa
  8495 | D:6      | Noticed Dowan
  8505 | D:6      | Killed Dowan
  8569 | D:6      | Killed Duvessa
  8689 | D:6      | Found a glowing golden altar of the Shining One.
  9039 | D:6      | Reached XP level 10. HP: 73/78 MP: 10/10
  9125 | D:6      | Reached **** piety under Trog
  9367 | D:7      | Reached skill level 12 in Axes
  9649 | D:7      | Found a snail-covered altar of Cheibriados.
  9707 | D:7      | Found a broken altar of Ashenzari.
  9947 | D:8      | Noticed a seven-headed hydra
  9959 | D:7      | Reached skill level 5 in Fighting
 10017 | D:8      | Noticed Gastronok
 10208 | D:2      | Killed Crazy Yiuf
 10439 | D:8      | Killed a seven-headed hydra
 10440 | D:8      | Reached skill level 1 in Evocations
 10476 | D:8      | Found the +2 robe of Vines {NoPotionHeal Regen+++}
 10684 | D:8      | Killed Gastronok
 10742 | D:8      | Noticed Maggie
 10999 | D:8      | Reached XP level 11. HP: 87/88 MP: 11/11
 11142 | D:8      | Noticed Harold
 11155 | D:8      | Killed Harold
 11304 | D:8      | Noticed Joseph
 11322 | D:8      | Killed Joseph
 11339 | D:8      | Killed Maggie
 11625 | D:8      | Found a staircase to the Lair.
 11840 | D:9      | Found a blossoming altar of Fedhas.
 11862 | D:9      | Reached skill level 13 in Axes
 11961 | D:9      | Found a burning altar of Makhleb.
 11977 | D:9      | You fall into a shaft and drop 2 floors!
 11977 | D:11     | Found a transporter.
 12001 | D:11     | Noticed a two-headed ogre
 12001 | D:11     | Noticed a boulder beetle
 12009 | D:11     | Killed a two-headed ogre
 12086 | D:10     | Entered Level 10 of the Dungeon
 12155 | D:10     | Noticed a two-headed ogre
 12478 | D:9      | Found a white marble altar of Elyvilon.
 12894 | D:9      | Found a stormy altar of Qazlal.
 12933 | D:9      | Noticed a two-headed ogre
 12933 | D:9      | Noticed Psyche
 12943 | D:9      | Killed Psyche
 12944 | D:9      | Killed a two-headed ogre
 13177 | Lair:1   | Entered Level 1 of the Lair of Beasts
 13357 | Lair:1   | Noticed an oklob plant
 13440 | Lair:1   | Reached XP level 12. HP: 71/98 MP: 12/12
 14259 | Lair:2   | Reached skill level 14 in Axes
 14412 | Lair:2   | Found a runed translucent gate.
 14412 | Lair:2   | Found a runed translucent gate.
 14412 | Lair:2   | Found a runed translucent gate.
 14413 | Lair:2   | You fall into a shaft and drop 2 floors!
 14544 | Lair:4   | Noticed a six-headed hydra
 14544 | Lair:4   | Noticed a boulder beetle
 14549 | Lair:4   | Noticed a six-headed hydra
 14561 | Lair:4   | Killed a six-headed hydra
 14778 | Lair:4   | Noticed a five-headed hydra
 14792 | Lair:4   | Killed a five-headed hydra
 15245 | Lair:2   | Reached skill level 15 in Axes
 15498 | Lair:2   | Noticed a seven-headed hydra
 15527 | Lair:2   | Killed a seven-headed hydra
 15642 | Lair:2   | Noticed coffeespoons's ghost (journeyman TrBe)
 15737 | Lair:3   | Noticed a five-headed hydra
 15746 | Lair:3   | Killed a five-headed hydra
 15801 | Lair:3   | Reached skill level 10 in Armour
 16070 | Lair:3   | Found a staircase to the Snake Pit.
 16082 | Snake:1  | Entered Level 1 of the Snake Pit
 16322 | Lair:3   | Reached XP level 13. HP: 86/104 MP: 13/13
 16330 | Lair:3   | Reached skill level 1 in Shields
 16584 | Lair:3   | You fall into a shaft and drop 2 floors!
 16611 | Lair:5   | Identified a scroll of acquirement
 16611 | Lair:5   | Acquired a +2 barding of cold resistance
 16899 | Lair:5   | Found a staircase to the Slime Pits.
 16933 | Slime:1  | Entered Level 1 of the Pits of Slime
 16933 | Slime:1  | Noticed an acid blob
 17386 | Lair:4   | Reached skill level 16 in Axes
 17448 | Lair:4   | Found a staircase to the Shoals.
 17548 | Lair:4   | Reached skill level 5 in Evocations
 18224 | Lair:5   | Reached skill level 5 in Dodging
 18646 | Lair:6   | Entered Level 6 of the Lair of Beasts
 18892 | Lair:6   | Reached ***** piety under Trog
 19706 | Lair:6   | Reached XP level 14. HP: 78/115 MP: 14/14
 20294 | Lair:6   | Reached skill level 10 in Fighting
 21426 | D:10     | Found a staircase to the Orcish Mines.
 21435 | Orc:1    | Entered Level 1 of the Orcish Mines
 21472 | Orc:1    | Noticed Snorg
 21498 | Orc:1    | Paralysed by an orc sorcerer for 7 turns
 21502 | Orc:1    | Slain by a soul eater

Illustrated notes

Levels and vault maps discovered:
D:1:      evilmike_arrival_rings, layout_rooms,
          shapermc_ecumenical_altar_mp_vishouse, minivault_19, st_stairs_12,
          hangedman_glass_teeth, chequers_serial_rivers_micro_b
D:2:      layout_loops_ring, basic_altar, uniq_terence, uniq_crazy_yiuf_cottage,
          uniq_robin
D:3:      layout_basic, mainiacjoe_overflow_divided_tiny, wad_orctagon
D:4:      layout_loops_cross, lemuel_tele_altar, mainiacjoe_overflow_24_doors,
          minmay_temple_entry_junction_2, serial_forest,
          infiniplex_forest_clump_medium, infiniplex_forest_clump_small,
          infiniplex_forest_clump_small, infiniplex_forest_zigzag_1,
          infiniplex_forest_lined_corner, infiniplex_forest_straight_2,
          infiniplex_forest_lined_ring, minmay_hedge_maze,
          kennysheep_generic_room_6, uniq_menkaure, uniq_pikel
D:5:      kennysheep_big_flooded_room, layout_basic, general_overflow_altar,
          uniq_grinder
D:6:      layout_basic, tso_oasis_becter, lemuel_doored_altar, uniq_duvessa
D:7:      layout_rooms, nicolae_overflow_hidden_temple,
          lemuel_coloured_pillars_altar
D:8:      layout_cave_pools, erik_lair_dragon, hellmonk_guarded_unrand_vines,
          uniq_maggie, uniq_harold, uniq_gastronok, uniq_joseph
D:9:      layout_basic, mainiacjoe_overflow_alcove_1,
          nicolae_overflow_crystal_walls, mainiacjoe_overflow_cross_hatched,
          fedhas_altar_1, kennysheep_generic_room_3, uniq_psyche
D:10:     layout_loops_ring, david_orc_4, nicolae_trove_entry_crystal
D:11:     layout_roguey, gammafunk_ghost_stat_death, uniq_josephine, uniq_grum
Temple:   dpeg_three_leaves_temple
Lair:1:   layout_roguey, small_statue_intersection, minmay_lair_oklob_chamber
Lair:2:   layout_gridlike, gammafunk_ghost_necromancy,
          chequers_serial_rivers_micro_b, grunt_megastairs_5
Lair:3:   layout_cave_pods, minmay_snake_entry_guardpost_large
Lair:4:   layout_regular_city, elwin_shoals_entry_rocks,
          nicolae_volcano_entry_batcave, grunt_megastairs_4
Lair:5:   layout_roguey, minmay_slime_entry_pillars, portal_ice_cave_rime,
          chequers_serial_rivers_room_b
Lair:6:   gammafunk_lair_ancient_temple, layout_loops_ring,
          nzn_sisyphean_effort, infiniplex_staircase_pool, lemuel_fruit_tree,
          lemuel_fruit_fields
Snake:1:  layout_misc_corridors, serial_bayou_lagoon_a,
          fake_guardian_serpent_vault, serial_bayou_shore_b, minmay_shop_grove
Slime:1:  layout_caves
Orc:1:    layout_caves, serial_shops, shop_statue, nicolae_shop_gadgets,
          uniq_snorg

Skill      XL: |  1  2  3  4  5  6  7  8  9 10 11 12 13 14 |
---------------+-------------------------------------------+-----
Axes           | 4 5 6 7 8 10 11 12 13 15 16 | 16.1
Armour         | 2 3 4 5 6 7 8 10 | 10.4
Fighting       | 4 6 8 9 10 | 10.0
Evocations     | 3 4 6 7 |  7.0
Dodging        | 2 3 7 8 |  8.2
Shields        | 2 |  2.6

Action                   |  1- 3 |  4- 6 |  7- 9 | 10-12 | 13-15 || total
-------------------------+-------+-------+-------+-------+-------++-------
Melee: Hand axe          |    71 |   183 |   288 |    99 |       ||   641
       Tailslap          |     4 |    27 |    52 |   134 |    99 ||   316
       War axe           |       |     4 |       |   532 |   536 ||  1072
       Mace              |       |       |       |    42 |    48 ||    90
Throw: Dart              |       |     5 |     1 |     5 |       ||    11
       Boomerang         |       |       |       |       |    15 ||    15
       Throwing net      |       |       |       |       |     3 ||     3
Invok: Berserk           |     2 |     3 |    13 |    21 |     9 ||    48
       Trog's Hand       |       |     1 |     1 |     7 |     7 ||    16
       Brothers in Arms  |       |       |       |     1 |       ||     1
 Abil: Rolling Charge    |       |     3 |     6 |     2 |     6 ||    17
Evoke: Wand              |       |       |     2 |     3 |     3 ||     8
  Use: Potion            |       |     1 |       |     7 |     2 ||    10
       Scroll            |       |       |     3 |    22 |     8 ||    33
 Stab: Sleeping          |     1 |       |       |       |       ||     1
Armor: Animal skin       |    25 |     4 |       |       |       ||    29
       Ring mail         |       |    48 |    83 |    18 |       ||   149
       Scale mail        |       |       |       |   344 |   157 ||   501
       Plate armour      |       |       |       |       |    91 ||    91
Dodge: Dodged            |    26 |    60 |   108 |   291 |   181 ||   666
Block: Buckler           |       |       |       |       |    83 ||    83
